 Dungeon Crawl Stone Soup version 0.18.1-48-g4cf74bf (webtiles) character file.

0 glosham the Skirmisher (level 1, -21/16 HPs)
             Began as a High Elf Abyssal Knight on Sept 13, 2016.
             Was a Follower of Lugonu.
             Demolished by a tentacled starspawn (28 damage)
             ... on level 1 of the Abyss.
             The game lasted 00:01:01 (43 turns).

glosham the Skirmisher (High Elf Abyssal Knight)      Turns: 43, Time: 00:01:02

Health: -21/16     AC:  3    Str: 11    XL:     1   Next: 0%
Magic:  3/3        EV:  9    Int: 15    God:    Lugonu [*.....]
Gold:   0          SH:  0    Dex: 14    Spells: 0 memorised, 0 levels left

rFire  . . .     SeeInvis .     a - +1 falchion
rCold  . . .     Gourm    .     b - +0 leather armour
rNeg   . . .     Faith    .     (no shield)
rPois  .         Spirit   .     (no helmet)
rElec  .         Dismiss  .     (no cloak)
rCorr  .         Reflect  .     (no gloves)
SustAt .         Harm     .     (no boots)
MR     .....                    (no amulet)
Stlth  +.........               (no ring)
                                (no ring)

@: constricted, not resistant to hostile enchantments, very unstealthy
A: no striking features
a: Depart the Abyss, Renounce Religion


You were on level 1 of the Abyss.
You worshipped Lugonu.
Lugonu was aware of your devotion.
You were not hungry.

You visited 0 branches of the dungeon, and saw 0 of its levels.
You visited the Abyss 1 time.

Inventory:

Hand Weapons
 a - a +1 falchion (weapon)
Armour
 b - a +0 leather armour (worn)
Comestibles
 c - a bread ration


   Skills:
 - Level 3.0 Fighting
 - Level 2.4 Long Blades
 - Level 0.8 Armour
 - Level 2.1 Dodging
 + Level 0.0 Stealth
 - Level 2.0 Invocations


You couldn't memorise any spells.
You didn't know any spells.

Dungeon Overview and Level Annotations

Branches:
Dungeon (0/15)

Altars:


Message History

Welcome, glosham the High Elf Abyssal Knight.
Will you be the one to retrieve the fabulous Orb of Zot from the depths?
Lugonu says: Depart the Abyss and spread corruption, my servant! (use the ability menu to exit the Abyss) Press ? for a list of commands and other information.
Found a corrupted altar of Lugonu.
Found a scroll labeled ETIHIMOSCHY.
You see here a scroll labeled ETIHIMOSCHY.
d - a scroll labeled ETIHIMOSCHY Read which item? (? for menu, Esc to quit)
As you read the scroll labeled ETIHIMOSCHY, it crumbles to dust.
The scroll dissolves into smoke.
It was a scroll of fog.
Found a scroll labeled KYNATETTOT.
A tentacled starspawn comes into view.
Tentacles burst from the starspawn's body! 2 starspawn tentacles come into view.
The starspawn tentacle grabs you. The starspawn tentacle constricts you.
You see here a scroll labeled KYNATETTOT.
d - a scroll labeled KYNATETTOT The starspawn tentacle loses its grip on you.
The tentacle pulls you backwards! The starspawn tentacle grabs you.
The starspawn tentacle constricts you.
Read which item? (? for menu, Esc to quit)
Blink to where?
Press: ? - help, Dir - move target cursor Your attempt to break free from the starspawn tentacle fails, but you feel that another attempt might succeed.
As you read the scroll labeled KYNATETTOT, it crumbles to dust.
It was a scroll of blinking.
The starspawn tentacle loses its grip on you.
The tentacle pulls you backwards! The starspawn tentacle grabs you.
The starspawn tentacle constricts you. 2 starspawn tentacle segments come into view.
Your attempt to break free from the starspawn tentacle fails, but you feel that another attempt might succeed.
The tentacled starspawn bites you!!
Ouch! That really hurt!
You die...

## .##.#.##
..#...### .
........ ..
##Λ#.#..#.. #
#│#│..#..# ##.
###│wX...#### #..
##..│.@......#
##..#..#.──w#.#...
#...#....#..#
##..#.....##
##.##.###..# ..
#...###..# #.#...#
#. #..#. # ## ###.
..##


You could see a tentacled starspawn and 2 starspawn tentacles.

Vanquished Creatures (others)
  55 starspawn tentacle segments (Abyss:1)
55 creatures vanquished.

Notes
Turn   | Place    | Note
--------------------------------------------------------------
     0 | Abyss:1  | glosham the High Elf Abyssal Knight began the quest for the Orb.
     0 | Abyss:1  | Reached XP level 1. HP: 16/16 MP: 3/3
    38 | Abyss:1  | Noticed a tentacled starspawn
    43 | Abyss:1  | Demolished by a tentacled starspawn

Action                   || total
-------------------------++-------
  Use: Scroll            ||     2

Table legend:
 A = Turns spent in this place as a percentage of turns spent in the entire game.
 B = Non-inter-level travel turns spent in this place as a percentage of non-inter-level travel turns spent in the entire game.
 C = Inter-level travel turns spent in this place as a percentage of turns spent in this place.
 D = Turns resting spent in this place as a percentage of non-inter-level travel turns spent in this place.
 E = Turns spent auto-exploring this place as a percentage of non-inter-level travel turns spent in this place.
 F = Non-inter-level travel turns spent in this place divided by the number of levels of this place that you've seen.
                   A       B       C       D       E      F
               +-------+-------+-------+-------+-------+----------------------
         Total | 100.0 | 100.0 |   0.0 |   0.0 |   0.0 |  45.0
         Abyss | 100.0 | 100.0 |   0.0 |   0.0 |   0.0 |  45.0
               +-------+-------+-------+-------+-------+----------------------

Vault maps used:
